 Dungeon Crawl Stone Soup version 0.29.1-2-gbd0b4ee654 (webtiles) character file.

Game seed: 15584813189405146477

531 funnyparkerb the Magician (level 7, -1/52 HPs)
             Began as a Djinni Fire Elementalist on Nov 9, 2022.
             Slain by a water moccasin zombie (7 damage)
             ... in an ossuary.
             The game lasted 00:05:47 (6239 turns).

funnyparkerb the Magician (DjFE)                    Turns: 6239, Time: 00:05:48

Health: -1/52      AC:  3    Str:  4 (7)  XL:     7   Next: 48%
Gold:   218        EV: 12    Int: 15 (18) God:
                   SH:  0    Dex: 13 (14)

rFire   + + .      SeeInvis .   n - +0 dagger (venom)
rCold   x . .      Faith    .   (no shield)
rNeg    . . .      Spirit   .   a - +0 robe
rPois   ∞          Reflect  .   j - +0 helmet
rElec   .          Harm     .   (no cloak)
rCorr   .          Rampage  .   (no gloves)
Will    .....                   (boots unavailable)
Stlth   ++........              (no amulet)
HPRegen 0.17/turn               (no ring)
MPRegen 0.00/turn               (no ring)

@: brilliant, flying, very slightly contaminated
A: sickness immunity, fire resistance 2, cold vulnerability 1, float, innate
caster, HP casting, extra vitality 1
a: no special abilities


You were in an ossuary.
You visited 1 branch of the dungeon, and saw 5 of its levels.
You also visited: Ossuary.

You collected 218 gold pieces.

Inventory:

Hand Weapons
 n - a +0 dagger of venom (weapon)
Armour
 a - a +0 robe (worn)
 j - a +0 helmet (worn)
Scrolls
 b - 3 scrolls of teleportation {unknown}
 c - 2 scrolls of blinking {unknown}
 d - 4 scrolls of fear {unknown}
 f - a scroll of amnesia {unknown}
 g - a scroll of noise {unknown}
 h - 7 scrolls of identify {unknown}
 l - a scroll of butterflies {unknown}
 o - a scroll of vulnerability {unknown}
 p - a scroll of immolation {unknown}
 q - a scroll of magic mapping {unknown}
 r - a scroll of poison {unknown}
 s - a scroll of enchant armour {unknown}
 t - a scroll of brand weapon {unknown}
Potions
 e - a potion of curing {unknown}
 m - a potion of haste {unknown}


   Skills:
 + Level 4.0 Fighting
 - Level 2.1 Dodging
 - Level 1.5 Stealth
 * Level 5.2 Spellcasting


You couldn't memorise any spells.
You knew the following spells:

 Your Spells              Type           Power      Damage    Failure   Level
a - Foxfire               Conj/Fire      100%       2x1d9     1%          1
b - Scorch                Fire           58%        2d7       2%          2
c - Conjure Flame         Conj/Fire      29%        6-21      5%          3
d - Inner Flame           Hex/Fire       29%        N/A       5%          3
e - Flame Wave            Conj/Fire      29%        2d9       19%         4
f - Magic Dart            Conj           100%       1d8       1%          1
g - Static Discharge      Conj/Air       29%        3-7/arc   2%          2
h - Call Imp              Summ           29%        N/A       2%          2
Your spell library was empty.

Dungeon Overview and Level Annotations

Branches:
Dungeon (5/15)            Ossuary (1/1)
 Temple: D:4-7

Altars:
Cheibriados
Gozag
Okawaru
The Shining One

Shops:
D:2 !

Annotations:
D:4 2 runed translucent doors, math4jedi's ghost, amateur MiBe


Innate Abilities, Weirdness & Mutations

You are immune to sickness and miasma.
You are immune to poison.
Your flesh is very heat resistant. (rF++)
You are vulnerable to cold. (rC-)
You float through the air rather than walking.
You learn spells naturally, not from books.
Your magical power is your life essence.
You have superior vitality. (+4 MHP)


Message History

Flames lash the water moccasin zombie.
The water moccasin zombie is burned terribly!
The water moccasin zombie is almost destroyed.
* * * LOW HITPOINT WARNING * * *
The water moccasin zombie closely misses you.
Casting: Scorch (safe; 2% risk of failure)
Confirm with . or Enter, or press ? or * to list all spells.
Flames lash the water moccasin zombie.
The water moccasin zombie is burned terribly!
The water moccasin zombie is heavily damaged.
* * * LOW HITPOINT WARNING * * *
The kobold zombie is no longer more vulnerable to fire.
The water moccasin zombie bites you.
* * * LOW HITPOINT WARNING * * *
Casting: Scorch (safe; 2% risk of failure)
Confirm with . or Enter, or press ? or * to list all spells.
Flames lash the water moccasin zombie.
The water moccasin zombie is burned terribly!
You destroy the water moccasin zombie!
* * * LOW HITPOINT WARNING * * *
The water moccasin zombie bites you but does no damage.
Your Fighting skill increases to level 4!
Casting: Scorch (safe; 2% risk of failure)
Confirm with . or Enter, or press ? or * to list all spells.
Flames lash the kobold zombie.
The kobold zombie is almost destroyed.
The kobold zombie's fire resistance burns away.
* * * LOW HITPOINT WARNING * * *
The water moccasin zombie bites you.
* * * LOW HITPOINT WARNING * * *
It was a potion of degeneration.
There was something very wrong with that liquid.
You feel weakened.
You feel dopey.
You feel clumsy.
The water moccasin zombie barely misses you.
The water moccasin zombie bites you.
* * * LOW HITPOINT WARNING * * *
It was a potion of brilliance.
You feel clever all of a sudden. The water moccasin zombie bites you!
You die...

#...#
#...#
##'##
#...#
#...#
#...#
#...#
######'##
#.ZZZ@..#
+..Z#...#
#.. #...#
## #####


You could see an adder zombie (inner flame), a water moccasin zombie
(combustible) and 2 kobold zombies.

Vanquished Creatures
  An ogre (D:4)
  Blork the orc (D:4)
  A scorpion (D:4)
  2 water moccasin zombies (Ossuary)
  A jelly (D:5)
  An orc priest (D:3)
  An orc wizard (D:3)
  A mummy (D:5)
  2 adders (D:3)
  3 worms
  3 dart slugs
  11 orcs
  2 ball pythons
  8 endoplasms
  3 giant cockroaches
  9 goblins
  5 hobgoblins
  3 jackals (D:2)
  3 quokkas
  8 bats
  2 frilled lizards (D:2)
  A gnoll zombie (Ossuary)
  A goblin zombie (D:5)
  3 hobgoblin zombies (Ossuary)
  A kobold (D:3)
  2 kobold zombies
  4 rats
83 creatures vanquished.

Vanquished Creatures (collateral kills)
  A foxfire (D:3)
1 creature vanquished.

Vanquished Creatures (others)
  255 foxfires
255 creatures vanquished.

Grand Total: 339 creatures vanquished

Notes
Turn   | Place    | Note
-------+----------+-------------------------------------------
     0 | D:1      | funnyparkerb the Djinni Fire Elementalist began the quest
                  | for the Orb.
     0 | D:1      | funnyparkerb set off with the following spells memorised:
                  | Foxfire, Scorch, Conjure Flame, Inner Flame, Flame Wave.
     0 | D:1      | Reached XP level 1. HP: 15/15 MP: 0/0
   287 | D:1      | Found a faded altar of an unknown god.
   507 | D:1      | Reached XP level 2. HP: 18/22 MP: 0/0
   902 | D:1      | Reached skill level 1 in Fighting
  1464 | D:2      | Reached XP level 3. HP: 21/27 MP: 0/0
  1464 | D:2      | Learned a level 1 spell: Magic Dart
  1581 | D:2      | Reached skill level 3 in Spellcasting
  1751 | D:2      | Found Zuekucipt's Distillery.
  2501 | D:2      | Found an iron altar of Okawaru.
  2912 | D:3      | Reached XP level 4. HP: 27/33 MP: 0/0
  3329 | D:3      | Reached XP level 5. HP: 26/38 MP: 0/0
  3329 | D:3      | Learned a level 2 spell: Static Discharge
  3593 | D:3      | Found an opulent altar of Gozag.
  3881 | D:3      | Reached skill level 4 in Spellcasting
  4540 | D:4      | Noticed Blork the orc
  4548 | D:4      | Killed Blork the orc
  4549 | D:4      | Reached XP level 6. HP: 36/45 MP: 0/0
  5119 | D:4      | Found a snail-covered altar of Cheibriados.
  5281 | D:4      | Found a large runed translucent door.
  5282 | D:4      | Found a large runed translucent door.
  5284 | D:4      | Noticed math4jedi's ghost (amateur MiBe)
  5357 | D:4      | Noticed an ogre
  5373 | D:4      | Killed an ogre
  5374 | D:4      | Reached XP level 7. HP: 16/50 MP: 0/0
  5374 | D:4      | Learned a level 2 spell: Call Imp
  5683 | D:4      | Found a glowing golden altar of the Shining One.
  5780 | D:5      | Entered Level 5 of the Dungeon
  5965 | D:5      | Found a sand-covered staircase.
  5969 | D:5      | Reached skill level 5 in Spellcasting
  5973 | Ossuary  | Entered an ossuary
  6239 | Ossuary  | Slain by a water moccasin zombie

Illustrated notes

Levels and vault maps discovered:
D:1:      eino_arrival_water_star, layout_basic, serial_forest,
          infiniplex_forest_straight_2, infiniplex_forest_end_2,
          infiniplex_forest_zigzag_1, infiniplex_forest_lined_2,
          infiniplex_forest_end_1, infiniplex_forest_3_way,
          shapermc_ecumenical_altar_flowoftime, minivault_25
D:2:      layout_basic, serial_shops, shop_fountains, basic_altar, minivault_27,
          grunt_decor_arrowhead, hangedman_decor_slide_cut,
          minmay_curled_crystal, minmay_3d_cube
D:3:      layout_basic, nicolae_gozag_seed_capital, minmay_misc_feat_diagonals,
          uniq_crazy_yiuf_cottage
D:4:      layout_basic, tso_altar, cheibrodos_worm_habitat,
          ebering_ghost_disaster_area, uniq_blork_the_orc
D:5:      kennysheep_spiral_hall, layout_layer_cave, nicolae_ossuary_entry_giza,
          chequers_serial_rivers_marsh, grunt_ministairs_3
Ossuary:  ossuary_tomb_2

Skill      XL: |  1  2  3  4  5  6  7 |
---------------+----------------------+-----
Fighting       | 1 2 3 4 |  4.0
Spellcasting   | 3 4 5 |  5.2
Dodging        | |  2.1
Stealth        | |  1.5

Action                   |  1- 3 |  4- 6 |  7- 9 || total
-------------------------+-------+-------+-------++-------
 Cast: Foxfire           |    66 |    96 |     2 ||   164
       Scorch            |    16 |    19 |    29 ||    64
       Magic Dart        |     5 |       |       ||     5
       Static Discharge  |       |     1 |       ||     1
       Conjure Flame     |       |     1 |       ||     1
       Call Imp          |       |       |     1 ||     1
       Inner Flame       |       |       |     1 ||     1
  Use: Potion            |       |       |     2 ||     2
Armor: Robe              |     1 |       |     4 ||     5
Dodge: Dodged            |     7 |     1 |     9 ||    17
